AoeStats
← BIGGG

Arabia

511029019Analyzed
2v2 RM · 8h ago on Oct 3, 2026· 45m 49s· 4 players
Game mode
Random Map
Map size
Medium (4 player)
Population
200
Speed
Normal
Resources
Standard
Victory
Conquest
Starting age
Dark Age
Ending age
Imperial Age
RankedLock teamsTeams togetherTeam positionsShared explorationLock speedFull tech treeHidden civsTurbo modeCheats
Victory
Defeat
🇨🇳 Armenians · China
1369
+11
🇨🇳 Ethiopians · China
1086
+26
🇹🇷 Celts · Türkiye
1236
-16
🇦🇺 Byzantines · Australia
1231
-16
BIGGG
6:04 Loom
8:52 Feudal Age
12:38 Double-Bit Axe
13:16 Fletching
13:27 Padded Archer Armor
21:15 Castle Age
21:26 Scale Barding Armor
21:32 Forging
22:04 Husbandry
22:41 Crossbowman
23:24 Horse Collar
31:26 Bodkin Arrow
33:46 Gold Mining
44:58 Imperial Age
48:09 Imperial Age
高血压选手
7:39 Loom
10:23 Feudal Age
10:27 Man-at-Arms
10:57 Double-Bit Axe
18:57 Wheelbarrow
20:16 Gold Mining
22:34 Castle Age
23:28 Bow Saw
23:47 Fishing Lines
24:20 Town Watch
25:48 Scale Mail Armor
25:33 Horse Collar
26:02 Squires
26:33 Forging
28:14 Sanctity
29:36 Fervor
30:04 Iron Casting
30:38 Gold Shaft Mining
29:55 Treadmill Crane
33:39 Imperial Age
31:38 Stone Mining
32:31 Fletching
33:03 Ballistics
32:53 Masonry
33:26 Bodkin Arrow
33:32 Padded Archer Armor
34:59 Guilds
35:12 Conscription
34:12 Elite Composite Bowman
34:53 Bracer
35:56 Chemistry
36:34 Hand Cart
37:05 Leather Archer Armor
37:49 Long Swordsman
38:14 Gambesons
38:45 Chain Mail Armor
39:30 Blast Furnace
39:03 Ring Archer Armor
39:10 Bombard Tower
38:42 Two-Handed Swordsman
39:39 Chain Mail Armor
40:24 Blast Furnace
40:54 Fortified Wall
40:21 Champion
40:47 Arson
41:37 Town Patrol
43:05 Plate Mail Armor
42:49 Heavy Plow
43:27 Fereters
Milkus Dilkus
9:00 Feudal Age
9:42 Loom
10:07 Double-Bit Axe
12:35 Horse Collar
12:46 Man-at-Arms
19:05 Castle Age
19:03 Gold Mining
19:01 Man-at-Arms
20:03 Scale Mail Armor
20:48 Bow Saw
20:38 Long Swordsman
22:05 Gold Shaft Mining
21:50 Gambesons
24:19 Heavy Plow
24:32 Long Swordsman
26:58 Forging
29:02 Pikeman
33:52 Chain Mail Armor
35:07 Arson
44:13 Iron Casting
Arfah
6:40 Loom
9:45 Feudal Age
11:57 Forging
16:29 Scale Barding Armor
23:56 Castle Age
22:31 Double-Bit Axe
22:50 Horse Collar
24:15 Gold Mining
25:03 Husbandry
28:11 Light Cavalry
29:41 Stone Mining
30:59 Wheelbarrow
31:47 Chain Barding Armor
32:56 Iron Casting
34:20 Heavy Plow
34:43 Bow Saw
38:33 Imperial Age
38:41 Gold Shaft Mining
38:36 Cavalier
40:03 Paladin
Connection lost

Rejoining the realm…

Still unreachable

The connection could not be restored.

Session expired

The server has moved on; the page needs a fresh start.